Arrhythmia, chaotic female vampiric Convict --- --- ---- ---- ----.----------------.--- |..---------- |..| |.....................^.---...........|---- ---..-- |............................--------.--..| |.....---- --..))[.)------------.......-| |....-- |........| ---.|......| |.........| ---..| --........| |...|..--.-- -----........| ---- --.........| ---.--------- --..||........| --- |....---..-- |...| ---..<--.......-----.--- --..-- ---- --- ---.--- |..^...................| |%-- ---.-- |...| .|..).([...............-- |)| |....----.--- --....)................---- |.| ---..---^.%..|...| |........................| --)------------[..^..........--- --@.......................-- |........^......0..............-- --.@.....--.................| |.)..-----------................| |........--.................| ---..| --..............-- |....*............--....--..| |..| ---.--........-- --.--...........------..|---- |.-- -------.....| -----.........-- ---- --- ---.--- |..|.|%.--- --- --------- Arrhythmia the Jail-bird Experience level: 7 Strength: 14 Dexterity: 15 Constitution: 20 Intelligence: 5 Wisdom: 7 Charisma: 9 Health: 0(71) Energy: 37(37) AC: 5 Gold: 169 Moves: 2380 Your Inventory: Coins $ - 169 gold pieces Weapons m - an [uncursed +0] dagger of fire n - 6 [uncursed +0] crossbow bolts [of stealth] s - an [uncursed +0] samurai sword named Snickersnee [Snickersnee] Armor b - an uncursed +0 striped shirt e - an [uncursed +0] pair of combat boots [water walking] i - an [uncursed +0] hooded cloak [dwarvish] j - an [uncursed +0] pair of hard shoes [iron] k - a [blessed +1] hooded cloak [dwarvish] l - a [cursed +0] pair of hard shoes [iron] r - an [uncursed] +0 hard hat [dwarvish iron helm] (being worn) x - a [blessed] +2 small shield (being worn) Scrolls t - an [uncursed] unlabeled scroll [of blank paper] u - a [cursed] unlabeled scroll [of blank paper] v - a [cursed] scroll labeled VERR YED HORRE [of remove curse] Wands q - an [uncursed] wand of light [0:5] Tools g - an [uncursed] lock pick p - an [uncursed] magic whistle w - an [uncursed] skeleton key Iron balls c - an [uncursed] heavy iron ball (chained to you) (weapon in hand) Spells known in the end: Name Level Category Fail Memory Your skills at the end: Fighting Skills Weapon Skills sling [Basic / Skilled] Spellcasting Skills Final Attributes: You had transgressed. Hunger level was 416. Your alignment was -10 / 21. Monster difficulty range was 0 - 6. Level difficulty was 5. You were immune to poison. You were immune to level-drain. You were immune to sickness. You were punished. You saw invisible. You could fly. You could survive without air. You regenerated. Your luck was zero. You are dead. Vanquished creatures: 2 watchmen a gnome king a shrieker 6 gnome lords a golden naga hatchling a paper golem 5 dwarves 5 hill orcs a monkey an acid blob 2 coyotes 2 hobbits a cave spider a brown mold 25 gnomes a gecko a jackal a fox 2 grid bugs a lichen a newt 62 creatures vanquished. Voluntary challenges: You went without food. You never hit with a wielded weapon. You read items or engraved 2 times. You put on armor 3 times. You never genocided any monsters. You never polymorphed an object. You never changed form. You used no wishes. You abstained from Elbereth's help. You never encountered a bones level. You never used any Sokoban shortcuts. Dungeon overview: The Dungeons of Doom: levels 1 to 3 Level 1 a fountain a long staircase Level 2 a delicatessen, a fountain Level 3 stairs to The Gnomish Mines The Gnomish Mines: levels 4 to 6 Level 4 stairs to The Dungeons of Doom Level 5 <- You were here History has recorded: On T:1 you entered the Dungeons of Doom to retrieve the Amulet of Yendor! On T:225 you reached level 2 of The Dungeons of Doom. On T:316 you advanced to experience level 2. On T:1015 you advanced to experience level 3. On T:1024 you reached level 3 of The Dungeons of Doom. On T:1043 you reached level 1 of The Gnomish Mines. On T:1056 you advanced to experience level 4. On T:1075 you advanced to experience level 5. On T:1251 you advanced to experience level 6. On T:1616 you reached level 2 of The Gnomish Mines. On T:1626 you reached level 3 of The Gnomish Mines. On T:1746 you advanced to experience level 7. Latest messages: [HP+1=70] [HP+1=71] [15 turns] You fly down along the stairs. Where do you want to travel to? Never mind. You miss the watch captain. (2x) The watch captain swings his silver saber. The silver sears your flesh! The watch captain hits! The watch captain swings his silver saber. The silver sears your flesh! The watch captain hits! [HP-38=33] With great effort you climb the stairs. The watch captain swings his silver saber. The silver sears your flesh! The watch captain hits! The watch captain swings his silver saber. The silver sears your flesh! The watch captain hits! You die... Final status: Goodbye Arrhythmia the Convict... You died in The Gnomish Mines on dungeon level 5 with 2607 points, and 169 pieces of gold, after 2380 moves. You were level 7 with a maximum of 71 hit points when you died.